 Dungeon Crawl Stone Soup version 0.22.1-2-g9c5b331 (webtiles) character file.

214 WarriorsX the Chiller (level 5, -3/38 HPs)
             Began as a Draconian Ice Elementalist on Dec 28, 2018.
             Slain by an iguana (12 damage)
             ... on level 3 of the Dungeon.
             The game lasted 00:09:30 (4492 turns).

WarriorsX the Chiller (Draconian Ice Elementalist)  Turns: 4492, Time: 00:09:30

Health: -3/38      AC:  7    Str: 10 (11) XL:     5   Next: 60%
Magic:  11/11      EV: 12    Int: 16      God:
Gold:   110        SH:  0    Dex: 10 (11) Spells: 11/12 levels left

rFire    . . .     SeeInvis .   f - +1 halberd
rCold    . . .     Gourm    .   (shield currently unavailable)
rNeg     . . .     Faith    .   (armour unavailable)
rPois    .         Spirit   .   (helmet restricted)
rElec    .         Reflect  .   g - +0 cloak
rCorr    .         Harm     .   (no gloves)
MR       .....                  j - +0 pair of boots
Stlth    ++........             (no amulet)
HPRegen  0.12/turn              (no ring)
MPRegen  0.12/turn              (no ring)

@: no status effects
A: unfitting armour, cold-blooded, AC +5
a: no special abilities


You were on level 3 of the Dungeon.
You were not hungry.

You visited 1 branch of the dungeon, and saw 4 of its levels.

You collected 110 gold pieces.

Inventory:

Hand Weapons
 f - a +1 halberd (weapon)
Armour
 g - a +0 cloak (worn)
 j - a +0 pair of boots (worn)
Jewellery
 m - an uncursed ring of protection from magic {unknown}
Scrolls
 c - a scroll of noise {unknown}
 d - 8 scrolls of identify
 e - 2 scrolls of enchant weapon
 h - a scroll of fog {unknown}
 l - a scroll of blinking {unknown}
 n - a scroll of remove curse
Potions
 a - a potion of heal wounds {unknown}
 i - a potion of brilliance
 k - a potion of berserk rage
Comestibles
 b - 5 rations


   Skills:
 - Level 1.7 Dodging
 - Level 3.3 Stealth
 - Level 4.0 Spellcasting
   Level 1.0 Conjurations
 + Level 4.1 Ice Magic


You had 11 spell levels left.
You knew the following spells:

 Your Spells              Type           Power        Failure   Level  Hunger
a - Freeze                Ice            ###.         3%          1    None

Your spell library contained the following spells:

 Spells                   Type           Power        Failure   Level  Hunger
 Throw Frost              Conj/Ice       ##....       9%          2    ##.....
 Ozocubu's Armour         Chrm/Ice       #.......     22%         3    ###....
 Throw Icicle             Conj/Ice       ##......     50%         4    ####...
 Summon Ice Beast         Ice/Summ       #.......     56%         4    ####...


Dungeon Overview and Level Annotations

Branches:
Dungeon (4/15)
 Temple: D:4-7

Altars:
Makhleb
Zin


Innate Abilities, Weirdness & Mutations

Your plain brown scales are hard. (AC +5)
You cannot fit into any form of body armour.
You are cold-blooded and may be slowed by cold attacks.


Message History

What are your orders? t - Shout!
Orders for allies: a - Attack new target. r - Retreat! s - Stop attacking. g - Guard the area. f - Follow me.
Anything else - Cancel.
You shout for attention!
You hear an angry hiss. x2
An iguana comes into view.
An adder skeleton comes into view.
An iguana and an ogre come into view.
The ogre shouts!
The iguana bites you.
There is a stone staircase leading up here.
The iguana barely misses you. The ogre hits you with a giant club!!
Ouch! That really hurt!
You climb upwards.
There is a stone staircase leading down here.
The iguana bites you.
* * * LOW HITPOINT WARNING * * *
The ogre barely misses you. The iguana bites you!
You die...

...###..#..##.##..###......#.#.#.
..###......#..##...##......#.#...
.#.....#.#...###.#.........#.#..#
...###.#.......#...........#...##
............##.#..##...........##
...#######...#.#.###.#..##...###.
....## ##......##..##..#...# #.
..#..## ####...#..####...#.# #.
...#..## #.l@#.## #...#.# #.
...##..#######..O..#####...#.# #.
#..###.......#.>...##......#.# #.
#.....######.....#.........>.###.
###.....# ##.........##.....##..
# ##....#####..##..........#..#.#
# ###..##....###..........#.....
# #..##.#..#........#...#..... #
#.....#.#....#........#.....


You could see an ogre and an iguana.

Vanquished Creatures
  A hound (D:4)
  2 worker ants (D:4)
  2 adders (D:2)
  A gnoll (D:1)
  An ooze (D:1)
  5 worms (D:2)
  A dart slug (D:2)
  4 leopard geckos
  3 ball pythons
  6 bats
  4 giant cockroaches
  4 goblins
  12 hobgoblins
  10 jackals
  2 quokkas
  5 frilled lizards
  11 kobolds
  11 rats
85 creatures vanquished.

Notes
Turn   | Place    | Note
-------+----------+-------------------------------------------
     0 | D:1      | WarriorsX the Draconian Ice Elementalist began the quest
                  | for the Orb.
     0 | D:1      | Reached XP level 1. HP: 14/14 MP: 3/3
   319 | D:1      | Reached XP level 2. HP: 19/20 MP: 5/5
   933 | D:1      | Reached XP level 3. HP: 26/26 MP: 6/6
  2288 | D:2      | Reached XP level 4. HP: 33/33 MP: 4/8
  3986 | D:3      | Found a burning altar of Makhleb.
  3986 | D:3      | Found a glowing silver altar of Zin.
  3987 | D:3      | Noticed an angel
  3987 | D:3      | Noticed a blizzard demon
  4076 | D:4      | Reached XP level 5. HP: 29/38 MP: 6/11
  4479 | D:4      | Noticed an ogre
  4492 | D:3      | Slain by an iguana

Skill      XL: |  1  2  3  4  5 |
---------------+----------------+-----
Ice Magic      | 4 |  4.1
Spellcasting   | 3 4 |  4.0
Stealth        | 2 3 |  3.3
Dodging        | |  1.7
Conjurations   | |  1.0

Action                   |  1- 3 |  4- 6 || total
-------------------------+-------+-------++-------
Melee: Unarmed           |    18 |       ||    18
       Short sword       |    29 |       ||    29
       Tailslap          |    10 |     7 ||    17
       Halberd           |    99 |   170 ||   269
 Cast: Freeze            |    20 |    17 ||    37
  Use: Scroll            |       |     6 ||     6
       Potion            |       |     2 ||     2
 Stab: Sleeping          |     4 |     7 ||    11
  Eat: Chunk             |     4 |     8 ||    12
Armor: Skin              |    60 |    94 ||   154
Dodge: Dodged            |   118 |   153 ||   271
